 Dungeon Crawl Stone Soup version 0.26.0-18-gc5c842f807 (webtiles) character file.

Game seed: 7138393560661109369

557 kaeus the Firebug (level 7, -2/36 HPs)
             Began as a Gargoyle Fire Elementalist on Jan 24, 2021.
             Shot with an arrow by a centaur (3 damage)
             ... on level 5 of the Dungeon.
             The game lasted 00:05:10 (6914 turns).

kaeus the Firebug (Gargoyle Fire Elementalist)      Turns: 6914, Time: 00:05:11

Health: -2/36      AC:  7    Str: 11    XL:     7   Next: 30%
Magic:  4/12       EV: 11    Int: 18    God:
Gold:   230        SH:  4    Dex: 10    Spells: 12/13 levels left

rFire    . . .     SeeInvis .   g - +2 short sword (protect)
rCold    . . .     Faith    .   w - +1 buckler
rNeg     + . .     Spirit   .   a - +0 robe
rPois    ∞         Reflect  .   (no helmet)
rElec    +         Harm     .   (no cloak)
rCorr    .         Rampage  .   v - +0 pair of gloves
Will     .....                  (no boots)
Stlth    ++........             (no amulet)
HPRegen  0.12/turn              (no ring)
MPRegen  0.13/turn              (no ring)

@: no status effects
A: negative energy resistance 1, electricity resistance, unbreathing,
petrification resistance, miasma immunity, AC +4
a: no special abilities


You were on level 5 of the Dungeon.
You visited 1 branch of the dungeon, and saw 5 of its levels.

You collected 230 gold pieces.

Inventory:

Hand Weapons
 g - a +2 short sword of protection (weapon)
 k - a +4 short sword
Armour
 a - a +0 robe (worn)
 v - a +0 pair of gloves (worn)
 w - a +1 buckler (worn)
Scrolls
 d - a scroll of amnesia
 e - 2 scrolls of teleportation
 j - a scroll of fog
 n - a scroll of blinking
 p - 5 scrolls of identify
 r - 2 scrolls of remove curse
Potions
 b - a potion of mutation {unknown}
 c - a potion of attraction {unknown}
 f - 2 potions of degeneration {unknown}
 i - 3 potions of resistance {unknown}
 l - 2 potions of curing
 m - a potion of lignification {unknown}
 o - 4 potions of haste
 q - 2 potions of brilliance {unknown}
 s - a potion of might {unknown}
 t - a potion of flight {unknown}
 u - a potion of magic {unknown}


   Skills:
 - Level 1.5 Dodging
 - Level 2.1 Stealth
 + Level 3.6 Spellcasting
 * Level 5.2 Conjurations
 * Level 5.6 Fire Magic


You had 12 spell levels left.
You knew the following spells:

 Your Spells              Type           Power        Failure   Level
a - Foxfire               Conj/Fire      88%          2%          1

Your spell library contained the following spells:

 Spells                   Type           Power        Failure   Level
 Conjure Flame            Conj/Fire      22%          9%          3
 Inner Flame              Hex/Fire       13%          24%         3
 Sticky Flame             Conj/Fire      22%          26%         4
 Fireball                 Conj/Fire      11%          58%         5
 Confusing Touch          Hex            3%           61%         3
 Gell's Gravitas          Tloc           1%           61%         3
 Petrify                  Tmut/Erth      3%           95%         4
 Metabolic Englaciation   Hex/Ice        1%           100%        5
 Yara's Violent Unravell  Hex/Tmut       1%           100%        5


Dungeon Overview and Level Annotations

Branches:
Dungeon (5/15)
 Temple: D:4-7

Altars:
Fedhas


Innate Abilities, Weirdness & Mutations

You are resistant to torment.
Your stone body is resilient. (AC +4)
You are immune to poison.
You resist negative energy. (rN+)
You are resistant to electric shocks. (rElec)
You can survive without breathing.
You are immune to petrification.
You are immune to miasma.


Message History

You see here an arrow.
You take 13 damage, and have 11/36 hp.
MASSIVE DAMAGE!!
The centaur shoots an arrow.
The arrow barely misses you.
The centaur shoots an arrow.
The arrow closely misses you.
The centaur shoots an arrow.
The arrow hits you.
* * * LOW HITPOINT WARNING * * *
Found a stone staircase leading down.
You see here 2 arrows.
You take 5 damage, and have 6/36 hp.
Casting: Foxfire (safe; 2% risk of failure)
Confirm with . or Enter, or press ? or * to list all spells.
You conjure some foxfire!
The centaur shoots an arrow.
The arrow misses you.
You now have 4/12 mp.
The centaur shoots an arrow.
The arrow hits you.
* * * LOW HITPOINT WARNING * * *
You see here an arrow.
You take 5 damage, and have 1/36 hp.
The centaur shoots an arrow.
The arrow hits you but does no damage.
The centaur shoots an arrow.
The arrow hits you.
You die...

#.....# ##.....#
......# #(....#
####†....####
#..((........
#.##.....###
######.##.(....#
#..<...####@##..#
######## #(###.##
#(§....#
..>....§PPP.P#
#####...PcP.P#
#.#.PP_PP #...P
PP ##... ...


You could see a centaur.

Vanquished Creatures
  2 hounds (D:4)
  3 orc priests (D:3)
  An orc wizard (D:3)
  Natasha (thrice) (D:4)
  2 worker ants
  A hound skeleton (D:4)
  7 gnolls
  7 adders
  An ufetubus (D:3)
  An ooze (D:3)
  4 worms
  2 dart slugs (D:1)
  6 leopard geckos
  7 orcs
  9 bats
  6 giant cockroaches
  7 goblins
  7 hobgoblins
  5 jackals
  2 quokkas (D:2)
  2 ball pythons
  7 frilled lizards
  6 kobolds
  13 rats
111 creatures vanquished.

Vanquished Creatures (collateral kills)
  5 foxfires (D:5)
5 creatures vanquished.

Vanquished Creatures (others)
  325 foxfires
325 creatures vanquished.

Grand Total: 441 creatures vanquished

Notes
Turn   | Place    | Note
-------+----------+-------------------------------------------
     0 | D:1      | kaeus the Gargoyle Fire Elementalist began the quest for
                  | the Orb.
     0 | D:1      | Reached XP level 1. HP: 10/10 MP: 3/3
   334 | D:1      | Reached XP level 2. HP: 15/15 MP: 0/5
  1039 | D:1      | Reached XP level 3. HP: 19/19 MP: 1/6
  2098 | D:2      | Reached XP level 4. HP: 11/24 MP: 5/7
  3484 | D:3      | Reached XP level 5. HP: 28/28 MP: 0/9
  3757 | D:3      | Reached XP level 6. HP: 11/32 MP: 10/10
  4596 | D:4      | Reached skill level 5 in Fire Magic
  5186 | D:4      | Noticed Natasha
  5206 | D:4      | Killed Natasha
  5207 | D:4      | Reached XP level 7. HP: 29/36 MP: 10/12
  5375 | D:4      | Reached skill level 5 in Conjurations
  6119 | D:4      | Noticed Natasha
  6145 | D:4      | Killed Natasha
  6846 | D:4      | Noticed Natasha
  6852 | D:4      | Killed Natasha
  6874 | D:5      | Entered Level 5 of the Dungeon
  6905 | D:5      | Found a blossoming altar of Fedhas.
  6913 | D:5      | HP: 1/36 [centaur/arrow (5)]
  6914 | D:5      | Shot with an arrow by a centaur

Illustrated notes

Levels and vault maps discovered:
D:1:      dpeg_arrival_lava_temple_mockup, layout_loops_corners
D:2:      layout_loops_cross
D:3:      layout_loops_ring
D:4:      layout_loops_ring, uniq_natasha
D:5:      layout_loops_ring, fedhas_bush_and_centaur_altar,
          grunt_temple_overflow_cloverleaf, elyvilon_altar_5,
          kennysheep_slug_shrine, nicolae_ossuary_entry_giza,
          chequers_serial_rivers_small_b

Skill      XL: |  1  2  3  4  5  6  7 |
---------------+----------------------+-----
Conjurations   | 2 3 4 5 |  5.2
Fire Magic     | 4 5 |  5.6
Spellcasting   | 3 |  3.6
Dodging        | |  1.5
Stealth        | |  2.1

Action                   |  1- 3 |  4- 6 |  7- 9 || total
-------------------------+-------+-------+-------++-------
Melee: Dagger            |    10 |       |       ||    10
       Unarmed           |     8 |       |       ||     8
       Hand axe          |     7 |       |       ||     7
       Short sword       |    44 |    94 |    29 ||   167
 Cast: Foxfire           |    65 |   157 |    32 ||   254
  Use: Scroll            |     3 |     1 |     3 ||     7
 Stab: Sleeping          |     1 |     1 |       ||     2
Armor: Robe              |    18 |    46 |    27 ||    91
Dodge: Dodged            |    56 |    57 |    29 ||   142
Block: Buckler           |       |       |     5 ||     5
